 Dungeon Crawl Stone Soup version 0.28.0-49-g6dfe1f597d (webtiles) character file.

Game seed: 6593089847961092179

2701 Peloso the Carver (level 9, -1/78 HPs)
             Began as a Minotaur Fighter on May 17, 2022.
             Was a Believer of Okawaru.
             Slain by a hornet (6 damage)
             ... while paralysed by a hornet
             ... on level 7 of the Dungeon.
             The game lasted 00:10:57 (6588 turns).

Peloso the Carver (Minotaur Fighter)                Turns: 6588, Time: 00:10:58

Health: -1/78      AC: 14    Str: 22    XL:     9   Next: 38%
Magic:  8/8        EV:  2    Int:  5    God:    Okawaru [**....]
Gold:   258        SH:  0    Dex: 13    Spells: 8/8 levels left

rFire   . . .      SeeInvis .   b - +4 scimitar
rCold   . . .      Faith    .   c - +0 tower shield
rNeg    . . .      Spirit   .   i - +0 chain mail
rPois   .          Reflect  .   w - +1 hat
rElec   .          Harm     .   (no cloak)
rCorr   .          Rampage  .   p - +0 pair of gloves
Will    .....                   v - +0 pair of boots
Stlth   ..........              (no amulet)
HPRegen 0.23/turn               f - +4 ring of evasion
MPRegen 0.11/turn               (no ring)

@: paralysed, lethally poisoned (-1 -> -16), slowed
A: horns 2, retaliatory headbutt
a: Renounce Religion, Heroism


You were on level 7 of the Dungeon.
You worshipped Okawaru.
Okawaru was pleased with you.
You visited 2 branches of the dungeon, and saw 8 of its levels.

You collected 258 gold pieces.

Inventory:

Hand Weapons
 a - a +1 vorpal long sword
 b - a +4 scimitar (weapon)
 z - the +6 trident of the Valley of Death {drain, Fly Int+5}
   (You found it on level 4 of the Dungeon)

   A truly terrible weapon, it drains the life of any living foe it strikes.
   Int:       It affects your intelligence (+5).
   Fly:       It grants you flight.
Armour
 c - a +0 tower shield (worn)
 i - a +0 chain mail (worn)
 p - a +0 pair of gloves (worn)
 v - a +0 pair of boots (worn)
 w - a +1 hat (worn)
Jewellery
 f - a +4 ring of evasion (left hand)
 y - an amulet of the acrobat
Wands
 h - a wand of polymorph (8)
 n - a wand of acid (5)
 r - a wand of flame (20)
 u - a wand of paralysis (3)
Scrolls
 e - 2 scrolls of immolation
 k - a scroll of identify
 l - 2 scrolls of teleportation
 m - a scroll of torment {unknown}
 o - 2 scrolls of vulnerability {unknown}
 s - 2 scrolls of enchant armour {unknown}
 t - a scroll of noise {unknown}
 B - a scroll of amnesia {unknown}
Potions
 d - a potion of might
 g - a potion of brilliance
 j - a potion of haste
 q - a potion of cancellation {unknown}
 x - a potion of attraction {unknown}


   Skills:
 + Level 6.8 Fighting
 + Level 9.9 Long Blades
 + Level 8.5 Armour
 + Level 2.5 Dodging
 + Level 0.3 Stealth
 + Level 7.5 Shields


You had 8 spell levels left.
You didn't know any spells.
Your spell library contained the following spells:

 Spells                   Type           Power      Damage    Failure   Level
 Shock                    Conj/Air       0%         1d3       100%        1
 Inner Flame              Hex/Fire       0%         N/A       100%        3
 Swiftness                Air            0%         N/A       100%        3
 Airstrike                Air            0%         N/A       100%        4
 Cause Fear               Hex            0%         N/A       100%        4
 Discord                  Hex            0%         N/A       100%        8


Dungeon Overview and Level Annotations

Branches:
Dungeon (7/15)             Temple (1/1) D:5

Altars:
Ashenzari
Elyvilon
Gozag
Nemelex Xobeh
Okawaru
Qazlal
Sif Muna
Uskayaw
Vehumet
Yredelemnul
Zin
The Shining One

Shops:
D:1 :   D:5 :

Annotations:
D:5 3 runed translucent doors, CryoSword's ghost, novice DsAK


Innate Abilities, Weirdness & Mutations

You have a pair of horns on your head.
You reflexively headbutt those who attack you in melee.


Message History

The hornet is moderately wounded.
You block the hornet's attack. The hornet stings you.
You are poisoned.
You feel yourself slow down.
You barely miss the hornet.
The hornet is moderately wounded.
You feel very sick. The hornet stings you.
You are more poisoned.
You feel as though you will be slow longer.
The hornet stings you but does no damage.
You hit the hornet.
The hornet is heavily wounded.
You feel very sick. The hornet barely misses you. You furiously retaliate!
You headbutt the hornet, but do no damage.
You block the hornet's attack. The hornet stings you!
You feel as though you will be slow longer.
You miss the hornet.
The hornet is heavily wounded.
You feel very sick.
You block the hornet's attack. x2; The hornet stings you!
You are more poisoned.
You feel as though you will be slow longer.
Unknown command.
You slash the hornet! Your headbutt misses the hornet.
The hornet is severely wounded.
You feel extremely sick. The hornet stings you.
You are more poisoned.
You feel as though you will be slow longer.
The hornet completely misses you.
You hit the hornet. Your headbutt misses the hornet.
The hornet is almost dead.
* * * LOW HITPOINT WARNING * * *
You feel extremely sick. You block the hornet's attack. The hornet stings you!
* * * LOW HITPOINT WARNING * * *
You suddenly lose the ability to move!
The hornet stings you.
You die...

..###.. ..#...
. ##....# ###..
.....# .....
....# ..o...
#..## #......
#...####.o.....
##..@#....#
#...#y.o.##
##.####..##
##†## #..#
###.## ##...
#..## ##...
##..# ####
#..## #...#


You could see a hornet and an orc wizard.

Vanquished Creatures
  Duvessa (D:7)
  2 water moccasins
  A hornet zombie (D:5)
  3 ogres
  A necrophage (D:5)
  A phantom (D:5)
  A kobold brigand (D:6)
  2 scorpions
  Dowan (D:7)
  8 killer bees (D:7)
  6 wights
  2 howler monkeys (D:6)
  A crimson imp (D:4)
  2 hounds
  A gnoll shaman (D:6)
  3 jellies
  2 orc priests
  2 bullfrog skeletons (D:5)
  A centaur skeleton (D:6)
  Jessica (D:2)
  3 iguanas
  7 orc wizards
  A hound skeleton (D:4)
  Robin (D:2)
  4 adders
  13 gnolls
  A howler monkey skeleton (D:7)
  2 shadow imps
  A white imp (D:7)
  2 worms (D:4)
  2 dart slugs
  27 orcs
  3 endoplasms
  A giant cockroach (D:1)
  15 goblins
  8 hobgoblins
  A jackal (D:4)
  4 quokkas
  10 ball pythons
  2 bats
  8 frilled lizards
  2 goblin zombies (D:4)
  7 kobolds
  5 kobold skeletons (D:4)
  A kobold zombie (D:4)
  An orc skeleton (D:4)
  An orc zombie (D:4)
  13 rats
188 creatures vanquished.

Notes
Turn   | Place    | Note
-------+----------+-------------------------------------------
     0 | D:1      | Peloso the Minotaur Fighter began the quest for the Orb.
     0 | D:1      | Reached XP level 1. HP: 19/19 MP: 0/0
   143 | D:1      | Reached XP level 2. HP: 26/27 MP: 1/1
   482 | D:1      | Found Unus's Book Shoppe.
   739 | D:2      | Reached XP level 3. HP: 33/33 MP: 2/2
   770 | D:2      | Noticed Robin
   781 | D:2      | Killed Robin
   782 | D:2      | Reached skill level 3 in Long Blades
   972 | D:2      | Noticed Jessica
   980 | D:2      | Killed Jessica
   981 | D:2      | Reached XP level 4. HP: 36/40 MP: 3/3
  1321 | D:3      | Reached skill level 5 in Armour
  1324 | D:3      | Reached skill level 4 in Long Blades
  1324 | D:3      | Reached XP level 5. HP: 25/46 MP: 4/4
  2010 | D:3      | Reached skill level 5 in Long Blades
  2207 | D:4      | Identified the +6 trident of the Valley of Death {drain,
                  | Fly Int+5}
  2224 | D:4      | Noticed an ogre
  2231 | D:4      | Killed an ogre
  2232 | D:4      | Reached XP level 6. HP: 13/53 MP: 5/5
  2609 | D:4      | Found a glowing golden altar of the Shining One.
  3065 | D:4      | Reached skill level 6 in Long Blades
  3467 | D:4      | Reached XP level 7. HP: 60/60 MP: 6/6
  3485 | D:4      | Reached skill level 5 in Fighting
  3485 | D:4      | Reached skill level 1 in Dodging
  3745 | D:4      | Reached skill level 5 in Shields
  3949 | D:5      | Entered Level 5 of the Dungeon
  3949 | D:5      | Found a runed translucent gate.
  3949 | D:5      | Found a runed translucent gate.
  3949 | D:5      | Found a runed translucent gate.
  3986 | D:5      | Reached skill level 7 in Long Blades
  4309 | D:5      | Noticed CryoSword's ghost (novice DsAK)
  4433 | D:5      | Reached XP level 8. HP: 64/69 MP: 7/7
  4617 | D:5      | Found a staircase to the Ecumenical Temple.
  4623 | Temple   | Entered the Ecumenical Temple
  4647 | Temple   | Became a worshipper of Warmaster Okawaru
  4693 | D:5      | Paralysed by an orc for 2 turns
  4698 | D:5      | Paralysed by an orc for 4 turns
  4711 | D:5      | Reached skill level 8 in Long Blades
  4959 | D:5      | Found Ecsoxid's Self-Improvement Boutique.
  5288 | D:6      | Found a hide-covered altar of Uskayaw.
  5381 | D:6      | Reached * piety under Okawaru
  5448 | D:6      | Reached skill level 9 in Long Blades
  5583 | D:6      | Reached XP level 9. HP: 69/78 MP: 8/8
  6026 | D:7      | Noticed Dowan
  6035 | D:7      | Noticed Duvessa
  6046 | D:7      | Killed Duvessa
  6048 | D:7      | Killed Dowan
  6203 | D:7      | Reached ** piety under Okawaru
  6588 | D:7      | Paralysed by a hornet for 1 turns
  6588 | D:7      | Slain by a hornet

Illustrated notes

Levels and vault maps discovered:
D:1:      roderic_chinese_lattice_arrival, layout_rooms, serial_shops, shop
D:2:      layout_rooms, hangedman_decor_opposing, uniq_jessica, uniq_robin
D:3:      layout_rooms, minmay_misc_feat_tiny
D:4:      layout_layer_cave, nicolae_tso_besieged_by_evil, st_stairs_10,
          minmay_misc_feat_ornament
D:5:      layout_rooms, minmay_temple_entry_hall, gammafunk_ghost_icy,
          nicolae_shop_self_help
D:6:      layout_loops_ring, mainiacjoe_overflow_surrounded_room
D:7:      layout_layer_cave, uniq_duvessa
Temple:   hc_temple_tempest_star

Skill      XL: |  1  2  3  4  5  6  7  8  9 |
---------------+----------------------------+-----
Armour         | 4 5 6 7 8 |  8.5
Fighting       | 4 5 6 |  6.8
Shields        | 4 5 6 7 |  7.5
Long Blades    | 3 4 5 6 7 9 |  9.9
Dodging        | 1 2 |  2.5
Stealth        | |  0.3

Action                   |  1- 3 |  4- 6 |  7- 9 || total
-------------------------+-------+-------+-------++-------
Melee: Long sword        |    78 |   149 |   181 ||   408
       Headbutt          |    10 |    22 |    44 ||    76
       Scimitar          |       |       |    67 ||    67
  Use: Scroll            |     2 |       |     4 ||     6
Armor: Scale mail        |    17 |       |       ||    17
       Chain mail        |    23 |    82 |    92 ||   197
Dodge: Dodged            |    42 |    66 |   120 ||   228
Block: Buckler           |    18 |    37 |    49 ||   104
       Tower shield      |       |       |    57 ||    57
